 Dungeon Crawl Stone Soup version 0.31.0-9-g3a7656b989 (webtiles) character file.

Game seed: 9091862648160216481

1812 qw the Skirmisher (level 8, -9/40 HPs)
             Began as a Spriggan Hunter on Feb 2, 2024.
             Engulfed by a steam dragon's steam (14 damage)
             ... on level 6 of the Dungeon.
             The game lasted 00:00:19 (3952 turns).

qw the Skirmisher (Spriggan Hunter)                 Turns: 3952, Time: 00:00:19

Health: -9/40      AC:  6    Str:  7    XL:     8   Next: 84%
Magic:  9/9        EV: 25    Int: 10    God:
Gold:   301        SH:  0    Dex: 21    Spells: 7/7 levels left

rFire   . . .        b - +2 sling (heavy)
rCold   . . .        (no shield)
rNeg    . . .        c - +0 robe
rPois   .            (helmet restricted)
rElec   .            (no cloak)
rCorr   .            (gloves unavailable)
SInv    +            (boots unavailable)
Will    +....        h - amulet of the acrobat
Stlth   ++           g - +4 ring of protection
HPRegen 0.26/turn    (no ring)
MPRegen 0.11/turn

%: acrobat
@: about to teleport, very quick
A: very small, no large weapons, unfitting armour, see invisible, speed 3
a: no special abilities


You were on level 6 of the Dungeon.
You visited 1 branch of the dungeon, and saw 6 of its levels.

You collected 301 gold pieces.


Innate Abilities, Weirdness & Mutations

You are very small and have problems with some larger weapons.
You are too small for most types of armour.
You have supernaturally acute eyesight. (SInv)
You cover ground extremely quickly. (Speed+++)


   Skills:
 - Level 3.1 Fighting
 + Level 9.6 Ranged Weapons
 - Level 9.2 Dodging
 - Level 1.5 Stealth


You had 7 spell levels left.
You didn't know any spells.
Your spell library was empty.

Inventory:

Hand Weapons
 b - a +2 heavy sling (weapon)
Armour
 c - a +0 robe (worn)
Jewellery
 g - a +4 ring of protection (left hand)
 h - an amulet of the acrobat (around neck)
 m - a ring of ice
Wands
 k - a wand of flame (23)
 l - a wand of roots (10)
Scrolls
 n - 2 scrolls of teleportation
Potions
 a - a potion of enlightenment
 d - 2 potions of cancellation
 e - 2 potions of haste
 f - a potion of heal wounds
 i - 2 potions of curing
 j - a potion of might

Dungeon Overview and Level Annotations

Branches:
Dungeon (6/15)
 Temple: D:4-7

Altars:
Qazlal
Xom
Yredelemnul

Shops:
D:3 =


Message History

The steam dragon is heavily wounded.
You shoot a sling bullet.
The sling bullet barely misses the steam dragon.
The steam dragon closely misses you. The steam dragon misses you.
You shoot a sling bullet. The sling bullet hits the steam dragon.
The steam dragon is severely wounded.
The steam dragon misses you. The steam dragon completely misses you.
You shoot a sling bullet.
The sling bullet closely misses the steam dragon.
The steam dragon breathes steam at you. The ball of steam misses you.
The steam dragon completely misses you.
The steam dragon claws you but does no damage.
You hear an angry growl.
You shoot a sling bullet.
The sling bullet hits the steam dragon but does no damage.
The steam dragon is severely wounded.
You are engulfed in a cloud of scalding steam.
The steam dragon bites you!
The steam dragon claws you but does no damage.
A black bear comes into view.
You shoot a sling bullet.
The sling bullet closely misses the steam dragon.
The steam dragon closely misses you. The steam dragon misses you.
You shoot a sling bullet.
The sling bullet hits the steam dragon but does no damage.
The steam dragon is severely wounded.
The steam dragon completely misses you. x2
You shoot a sling bullet.
The sling bullet closely misses the steam dragon.
The steam dragon closely misses you. The steam dragon barely misses you.
The steam dragon closely misses you. The steam dragon claws you.
You shoot a sling bullet. The sling bullet hits the steam dragon.
The steam dragon is severely wounded.
The steam dragon breathes steam at you. The ball of steam hits you!
3952 ||| READING 3 scrolls of teleportation.
As you read the scroll of teleportation, it crumbles to dust.
You feel strangely unstable.
You are engulfed in a cloud of scalding steam.
You die...

#.......#.#... ..
.......... ..........=.
.#........¤~¤~ ~~.
.........~¤~ ¤¤#
#.#%h......¤¤¤ ¤~#
#.#.D.......~ ~.###
#.#.@.....#.. .....
#.#.#.#.....# .....
#.#.#.#####.####.....
#.#.#.........[......
###.#.#######<###......
#.....###########).....
#####.#................
#####.#.#..............
#.....#.#..............


You could see a steam dragon (catching breath) and a black bear.

Vanquished Creatures
  Duvessa (D:6)
  2 ice beasts (D:5)
  A sky beast (D:6)
  2 ogres (D:5)
  2 necrophages (D:4)
  A water moccasin zombie (D:4)
  3 scorpions
  Dowan (D:6)
  2 wights (D:4)
  2 jellies
  2 hounds (D:5)
  2 bombardier beetles
  An orc priest (D:4)
  A human zombie (D:4)
  A scorpion zombie (D:4)
  Jessica (D:2)
  3 iguanas (D:6)
  4 orc wizards
  Terence (D:3)
  2 mummies (D:4)
  A howler monkey zombie (D:4)
  Robin (D:3)
  3 gnolls (D:5)
  5 adders
  2 adder zombies (D:4)
  2 ribbon worms
  11 orcs
  4 bats
  7 endoplasms
  5 giant cockroaches
  18 goblins
  6 hobgoblins
  4 jackals (D:3)
  6 quokkas
  3 ball pythons
  2 frilled lizards
  6 kobolds
  2 rats
123 creatures vanquished.

Notes
Turn   | Place    | Note
-------+----------+-------------------------------------------
     0 | D:1      | qw the Spriggan Hunter began the quest for the Orb.
     0 | D:1      | Reached XP level 1. HP: 10/10 MP: 2/2
     0 | D:1      | 0 ||| qw: Version: 0.3-a-155-g5e7d8dd
     0 | D:1      | 0 ||| qw: Game counter: 1346
     0 | D:1      | 0 ||| qw: Melee chars always use a shield: true
     0 | D:1      | 0 ||| qw: God list: Okawaru
     0 | D:1      | 0 ||| qw: Allow faded altars: false
     0 | D:1      | 0 ||| qw: Do Orc after clearing Dungeon:15 true
     0 | D:1      | 0 ||| qw: Do second Lair branch before Depths: true
     0 | D:1      | 0 ||| qw: Lair rune preference: random
     0 | D:1      | 0 ||| qw: Goals: Normal
     0 | D:1      | 0 ||| PLANNING D:1-11
    52 | D:1      | Reached skill level 3 in Dodging
   132 | D:1      | Reached XP level 2. HP: 13/14 MP: 3/3
   596 | D:1      | 596 ||| UPGRADING to amulet of the acrobat.
   601 | D:1      | 601 ||| READING 2 scrolls labelled YRUNLU PUNI.
   601 | D:1      | 601 ||| IDENTIFYING fizzy inky potion
   602 | D:1      | 602 ||| READING scroll of identify.
   602 | D:1      | 602 ||| IDENTIFYING viscous ruby potion
   603 | D:1      | 603 ||| DRINKING 2 brown potions.
   604 | D:1      | 604 ||| DROPPING scroll of butterflies.
   605 | D:1      | 605 ||| DROPPING potion of attraction.
   606 | D:1      | 606 ||| DROPPING potion of ambrosia.
   728 | D:2      | Reached XP level 3. HP: 18/18 MP: 4/4
   916 | D:2      | Noticed Jessica
   918 | D:2      | Killed Jessica
  1081 | D:2      | Reached XP level 4. HP: 22/22 MP: 5/5
  1337 | D:2      | 1337 ||| UPGRADING to +4 ring of protection.
  1338 | D:2      | 1338 ||| READING scroll labelled ZIEFOI ZEOREUH.
  1343 | D:2      | 1343 ||| READING scroll labelled BEYMIGR ATYCS.
  1362 | D:3      | Found Senof's Jewellery Boutique.
  1368 | D:3      | 1368 ||| SHOPLISTING +4 ring of protection (504 gold, have
                  | 78).
  1368 | D:3      | 1368 ||| SHOPLISTING amulet of guardian spirit (420 gold,
                  | have 78).
  1368 | D:3      | 1368 ||| SHOPLISTING amulet of reflection (420 gold, have
                  | 78).
  1368 | D:3      | 1368 ||| SHOPLISTING ring of fire (350 gold, have 78).
  1368 | D:3      | 1368 ||| SHOPLISTING ring of resist corrosion (280 gold,
                  | have 78).
  1373 | D:3      | Noticed Robin
  1388 | D:3      | Killed Robin
  1393 | D:3      | 1393 ||| SWAPPING to +2 heavy sling.
  1394 | D:3      | 1394 ||| DROPPING +0 shortbow.
  1455 | D:3      | Noticed Terence
  1459 | D:3      | Killed Terence
  1473 | D:3      | Found a stormy altar of Qazlal.
  1614 | D:3      | Reached XP level 5. HP: 26/26 MP: 6/6
  1778 | D:3      | 1778 ||| READING 3 scrolls of identify.
  1778 | D:3      | 1778 ||| IDENTIFYING amethyst potion
  1779 | D:3      | 1779 ||| READING 2 scrolls of identify.
  1779 | D:3      | 1779 ||| IDENTIFYING glowing pink potion
  1780 | D:3      | 1780 ||| READING scroll of identify.
  1780 | D:3      | 1780 ||| IDENTIFYING green potion
  1781 | D:3      | 1781 ||| READING scroll labelled FIABIN QARGHUNO.
  1782 | D:3      | 1782 ||| READING scroll labelled YLINOE NAIPECW.
  1783 | D:3      | 1783 ||| DRINKING 3 lumpy green potions.
  2070 | D:4      | 2070 ||| RETREEEEATING.
  2071 | D:4      | 2071 ||| RETREEEEATING.
  2078 | D:4      | Reached skill level 6 in Ranged Weapons
  2081 | D:4      | Reached XP level 6. HP: 29/30 MP: 7/7
  2092 | D:4      | Reached skill level 6 in Dodging
  2097 | D:4      | 2097 ||| FLEEEEING.
  2098 | D:4      | 2098 ||| FLEEEEING.
  2099 | D:4      | 2099 ||| FLEEEEING.
  2176 | D:4      | Found a shimmering altar of Xom.
  2451 | D:4      | Reached XP level 7. HP: 31/35 MP: 8/8
  2507 | D:4      | Found a basalt altar of Yredelemnul.
  2647 | D:4      | 2647 ||| READING scroll of identify.
  2647 | D:4      | 2647 ||| IDENTIFYING bubbling orange potion
  2648 | D:4      | 2648 ||| READING scroll labelled ETEIPP ZOYRR.
  2664 | D:5      | Entered Level 5 of the Dungeon
  2822 | D:5      | Reached XP level 8. HP: 39/39 MP: 9/9
  2922 | D:5      | Reached skill level 3 in Fighting
  3570 | D:5      | 3570 ||| READING scroll of identify.
  3570 | D:5      | 3570 ||| IDENTIFYING viscous silvery potion
  3571 | D:5      | 3571 ||| DROPPING potion of lignification.
  3616 | D:6      | Noticed Dowan
  3617 | D:6      | Noticed Duvessa
  3619 | D:6      | 3619 ||| RETREEEEATING.
  3620 | D:6      | 3620 ||| RETREEEEATING.
  3628 | D:6      | Reached skill level 9 in Ranged Weapons
  3634 | D:6      | 3634 ||| DRINKING 4 potions of haste.
  3637 | D:6      | Killed Duvessa
  3639 | D:6      | 3639 ||| FLEEEEING.
  3641 | D:6      | 3641 ||| FLEEEEING.
  3642 | D:6      | 3642 ||| STAIRDANCE
  3754 | D:6      | 3754 ||| DRINKING 3 potions of haste.
  3765 | D:6      | Killed Dowan
  3766 | D:6      | Reached skill level 9 in Dodging
  3951 | D:6      | HP: 5/40 [steam dragon/ball of steam (15)]
  3952 | D:6      | 3952 ||| READING 3 scrolls of teleportation.
  3952 | D:6      | Engulfed by a steam dragon's steam

Levels and vault maps discovered:
D:1:      roadster_arrival_rocket_small, layout_loops_ring,
          minmay_gold_behind_fungi, hangedman_decor_push
D:2:      layout_loops_ring, minmay_fractal_squares_gapless_5, uniq_jessica
D:3:      layout_rooms, grunt_qazlal_clouds, serial_shops, shop,
          hangedman_abyss_or_decor_lesser_grid, minivault_25,
          minmay_fountain_box, uniq_robin, uniq_terence
D:4:      layout_basic, xom_teletrap_fun, lemuel_mausoleum_altar_yredelemnul,
          minmay_strange_pillars
D:5:      layout_gridville, minmay_misc_feat_four_crosses, roderic_lattice_a
D:6:      layout_basic, minmay_temple_entry_mist, uniq_duvessa

Skill      XL: |  1  2  3  4  5  6  7  8 |
---------------+-------------------------+-----
Dodging        | 3 4 5 6 8 9 |  9.2
Ranged Weapons | 5 6 7 8 9 |  9.6
Fighting       | 2 3 |  3.1
Stealth        | |  1.5

Action                     |  1- 3 |  4- 6 |  7- 9 || total
---------------------------+-------+-------+-------++-------
   Fire: Shortbow          |    83 |    32 |       ||   115
         Sling             |       |   103 |   177 ||   280
    Use: Scroll            |     2 |     7 |     4 ||    13
         Potion            |     1 |     1 |     2 ||     4
 Armour: Robe              |     5 |    31 |    25 ||    61
  Dodge: Dodged            |    12 |    94 |   139 ||   245

Table legend:
 A = Non-vault XP
 B = Vault XP
 C = Vault XP percentage of total XP
 D = Non-vault monster count
 E = Vault monster count
 F = Vault count percentage of total count
                 A         B        C        D         E       F
            +---------+---------+-------+---------+---------+-------
      Total |    1695 |     894 |  34.5 |      93 |      30 |  24.4
            +---------+---------+-------+---------+---------+-------
        D:1 |      27 |       0 |   0.0 |      16 |       0 |   0.0
        D:2 |      36 |      45 |  55.6 |      13 |       4 |  23.5
        D:3 |      23 |      67 |  74.4 |      12 |      12 |  50.0
        D:4 |     460 |     557 |  54.8 |      29 |      12 |  29.3
        D:5 |     824 |       0 |   0.0 |      14 |       0 |   0.0
        D:6 |     325 |     225 |  40.9 |       9 |       2 |  18.2
            +---------+---------+-------+---------+---------+-------
